 Dungeon Crawl Stone Soup version 0.31.0-32-g396128a36d (webtiles) character file.

Game seed: 6734533236399534078

38722 hawla the Tortoise (level 13, -8/95 HPs)
             Began as a Minotaur Fighter on Mar 12, 2024.
             Was an Initiate of Yredelemnul.
             Mangled by a komodo dragon (17 damage)
             ... on level 3 of the Lair of Beasts.
             The game lasted 00:54:33 (16838 turns).

hawla the Tortoise (Minotaur Fighter)              Turns: 16838, Time: 00:54:35

Health: -8/95      AC: 28    Str: 23    XL:     13   Next: 65%
Magic:  14/19      EV:  8    Int:  9    God:    Yredelemnul [......]
Gold:   336        SH: 11    Dex: 11    Spells: 12/12 levels left

rFire   + . .        E - +1 war axe (flame)
rCold   . . .        r - +0 kite shield
rNeg    . . .        j - +0 plate armour
rPois   +            (helmet restricted)
rElec   .            h - +0 cloak
rCorr   .            K - +0 pair of gloves
SInv    .            a - +2 pair of boots
Will    .....        c - amulet of faith Stlth
                     l - +4 ring of protection
HPRegen 0.35/turn    B - ring of protection from fire
MPRegen 0.16/turn

%: faith
@: frozen, very slow
A: horns 2, retaliatory headbutt, clever 1, poison resistance, subdued magic 1
a: Renounce Religion, Recall Undead Harvest


You were on level 3 of the Lair of Beasts.
You worshipped Yredelemnul.
Yredelemnul was aware of your devotion.
You visited 3 branches of the dungeon, and saw 15 of its levels.

You collected 953 gold pieces.
You spent 617 gold pieces at shops.

Inventory:

Hand Weapons
 E - a +1 war axe of flaming (weapon)
Missiles
 b - 8 curare-tipped darts
 C - 39 poisoned darts (quivered)
Armour
 a - a +2 pair of boots (worn)
 h - a +0 cloak (worn)
 j - a +0 plate armour (worn)
 r - a +0 kite shield (worn)
 K - a +0 pair of gloves (worn)
Jewellery
 c - an amulet of faith (around neck)
 l - a +4 ring of protection (left hand)
 B - a ring of protection from fire (right hand)
 D - an amulet of reflection
 F - the ring "Gyviuff" {Fire Int+4}
   (You found it on level 11 of the Dungeon)

   [ring of fire]

   Fire:      It enhances your fire magic.
   Int+4:     It affects your intelligence (+4).
   rF+:       It protects you from fire.
   rC-:       It makes you vulnerable to cold.
Wands
 m - a wand of digging (5)
 t - a wand of polymorph (3)
 z - a wand of charming (5)
 A - a wand of quicksilver (3)
 G - a wand of flame (26)
Scrolls
 e - 5 scrolls of teleportation
 f - 3 scrolls of fear
 g - a scroll of fog
 k - a scroll of summoning
 o - 3 scrolls of identify
 q - 2 scrolls of immolation
 s - a scroll of poison
 u - 7 scrolls of vulnerability
 x - 6 scrolls of revelation
 y - 2 scrolls of enchant armour
Potions
 d - 3 potions of might
 i - 4 potions of brilliance
 n - 3 potions of attraction
 p - 4 potions of enlightenment
 v - 6 potions of curing
 w - 2 potions of invisibility
 H - a potion of mutation
 I - a potion of lignification
 J - a potion of ambrosia


   Skills:
 - Level 3.6 Fighting
 - Level 16.0 Axes
 - Level 6.0 Throwing
 + Level 16.2 Armour
 - Level 3.0 Dodging
 - Level 10.0 Shields
 - Level 10.0 Invocations
 - Level 3.0 Evocations


You had 12 spell levels left.
You didn't know any spells.
Your spell library was empty.

Dungeon Overview and Level Annotations

Branches:
Dungeon (11/15)            Temple (1/1) D:4            Lair (3/5) D:8
  Swamp (0/4) Lair:2       Spider (0/4) Lair:2
    Orc: D:9-12

Altars:
Ashenzari
Cheibriados
Dithmenos
Elyvilon
Fedhas
Gozag
Hepliaklqana
Kikubaaqudgha
Makhleb
Nemelex Xobeh
Okawaru
Qazlal
Ru
Sif Muna
Trog
Uskayaw
Vehumet
Wu Jian
Xom
Yredelemnul
Zin
The Shining One

Shops:
D:1 ?   D:10 [**[   D:11 :

Portals:
Abyss: Lair:1

Annotations:
D:8 1 runed translucent door


Innate Abilities, Weirdness & Mutations

You have a pair of horns on your head.
You reflexively headbutt those who attack you in melee.
Your mind is acute. (Int +4, Str/Dex -1)
Your system is resistant to poisons. (rPois)
Your spells are a little easier to cast, but a little less powerful.


Message History

You burn the komodo dragon.
The komodo dragon bites you but does no damage.
Your water moccasin zombie bites the lindwurm but does no damage.
The lindwurm breathes flames at you. The blast of flame hits you! You resist.
You slash the lindwurm! You burn the lindwurm.
You headbutt the lindwurm, but do no damage.
The lindwurm is heavily wounded.
You slash the komodo dragon! You burn the komodo dragon.
You hit the rime drake. You burn the rime drake.
You hit the komodo dragon but do no damage.
The rime drake breathes ice at you. The icy flash freeze hits you.
You are encased in ice.
The komodo dragon bites you!
Your water moccasin zombie bites the lindwurm!
The komodo dragon hisses menacingly.
The komodo dragon bites you but does no damage.
The lindwurm breathes flames at you. The blast of flame hits you. You resist.
* * * LOW HITPOINT WARNING * * *
You closely miss the komodo dragon.
The komodo dragon is almost dead.
You hit the komodo dragon but do no damage.
You barely miss the lindwurm. You slash the rime drake!
You burn the rime drake.
You kill the rime drake!
The komodo dragon barely misses you. You furiously retaliate!
You headbutt the komodo dragon!
You kill the komodo dragon!
Your water moccasin zombie bites the lindwurm but does no damage.
The komodo dragon bites you!!
* * * LOW HITPOINT WARNING * * *
As you read the scroll of summoning, it crumbles to dust.
Wisps of shadow whirl around you... You block the lindwurm's attack.
The lindwurm completely misses you. You block the lindwurm's attack.
Your water moccasin zombie bites the lindwurm but does no damage.
The komodo dragon bites you!
You die...
Your body rises from the dead as a mindless zombie.

.......P#....#
.............##
..............#
.............###
...............#
......l..l.....#
......l.....# ##k@S.##
#..Z...#### ##.......P##
.........~..~..>..##
...........~.~~~~~~~...#
............~~~~~≈≈≈~...#
.............~~~~≈~≈≈~...##
............~~≈~..~≈≈~~...#
..........#.~~≈≈.>.~≈~....#


You could see a lindwurm (catching breath, ally target), a komodo dragon (ally
target), a friendly komodo dragon (summoned), a friendly basilisk (summoned), a
friendly water moccasin (summoned) and a friendly water moccasin zombie.

Vanquished Creatures
  A hydra (Lair:2)
  A centaur warrior (D:7)
  2 two-headed ogres
  2 death yaks (Lair:3)
  A skyshark (Lair:2)
  3 skeletal warriors (D:11)
  Pikel (D:8)
  The ghost of Tripartite the Trooper, a novice FoFi of Wu Jian (D:6)
  4 ugly things
  A manticore (D:11)
  A cyclops (D:7)
  2 black mambas
  Joseph (D:7)
  A torpor snail (Lair:3)
  Maggie (D:7)
  2 cane toads
  An orange demon (Lair:1)
  3 rime drakes
  4 komodo dragons
  An ancient zyme (Lair:1)
  4 trolls
  A raiju (Lair:1)
  Prince Ribbit (D:9)
  4 blink frogs (Lair:1)
  Sigmund (D:6)
  4 wraiths
  5 wyverns
  21 yaks
  A basilisk (Lair:1)
  Grum (D:9)
  A steam dragon (D:10)
  2 redbacks (Lair:2)
  A swamp worm (Lair:2)
  5 water moccasins
  4 orc warriors
  5 ice beasts
  2 sky beasts (D:7)
  A black bear (D:8)
  10 wolves
  A centaur (D:7)
  A phantom (D:5)
  5 kobold brigands
  2 gnoll sergeants (D:9)
  3 scorpions
  8 bullfrogs
  9 wights
  9 killer bees
  2 bombardier beetles
  4 hounds
  6 orc priests
  A jelly (D:7)
  Crazy Yiuf (D:2)
  3 iguanas
  2 sleepcaps
  Ijyb (D:3)
  12 orc wizards
  19 gnolls
  6 adders
  A river rat (D:5)
  2 white imps (D:11)
  42 orcs
  9 endoplasms
  2 giant cockroaches
  20 goblins
  18 hobgoblins
  3 jackals (D:3)
  32 kobolds
  4 quokkas
  3 ball pythons
  6 bats
  3 frilled lizards
  5 rats
353 creatures vanquished.

Vanquished Creatures (collateral kills)
  The ghost of greatermn the Thaumaturge, a journeyman DECj of Vehumet (Lair:1)
  A great orb of eyes (Lair:1)
  A two-headed ogre (D:7)
  The ghost of jkubb29 the Scholar of Death, a journeyman DsNe of Kikubaaqudgha (D:11)
  A boulder beetle (D:10)
  The ghost of FexLirch the Firebug, a novice OpFE of Gozag (D:8)
  Amaemon (Lair:1)
  A skeletal warrior (D:11)
  2 ugly things (Lair:1)
  A swamp worm zombie (Lair:2)
  4 komodo dragons
  2 rime drakes
  A hydra zombie (Lair:2)
  6 blink frogs
  A jumping spider zombie (Lair:2)
  2 jumping spiders (Lair:2)
  A spriggan (Lair:1)
  A black mamba zombie (Lair:2)
  A culicivora (Lair:2)
  A basilisk (Lair:1)
  A centaur simulacrum (D:11)
  9 yaks
  A vampire (D:7)
  A swamp worm (Lair:2)
  A skyshark zombie (Lair:2)
  3 water moccasins
  A meliai simulacrum (D:11)
  An orc warrior (D:10)
  A blink frog zombie (Lair:2)
  2 ice beasts
  A sky beast (D:8)
  An ogre (D:5)
  2 centaurs
  A rime drake zombie (Lair:2)
  5 wolves (Lair:2)
  2 lemures (D:8)
  3 bullfrogs
  2 scorpions (D:6)
  A water moccasin zombie (Lair:2)
  2 wights
  3 yak zombies (D:10)
  4 killer bees (D:10)
  A troll zombie (D:10)
  An electric eel (Lair:2)
  A wolf zombie (Lair:2)
  A hound (D:5)
  2 bullfrog zombies (Lair:2)
  3 orc priests
  4 iguanas
  2 orc wizards
  5 killer bee zombies
  An ice beast zombie (D:11)
  A steam dragon zombie (D:10)
  An adder (D:5)
  5 gnolls
  A gnoll zombie (D:9)
  A shadow imp (D:7)
  A white imp (D:11)
  A spectral white imp (D:11)
  5 orcs
  A quokka (D:5)
  3 kobolds
  5 orc zombies
125 creatures vanquished.

Vanquished Creatures (others)
  5 ugly thing zombies
  A spectral elf (Lair:3)
  A swamp worm zombie (Lair:2)
  A death yak zombie (Lair:3)
  2 two-headed ogre zombies
  A cane toad zombie (Lair:3)
  A manticore zombie (D:11)
  3 blink frog zombies (Lair:1)
  3 komodo dragon zombies
  A cyclops zombie (D:7)
  A water moccasin zombie (D:8)
  A spriggan zombie (Lair:1)
  3 troll zombies
  6 yak zombies
  3 wolf zombies (Lair:1)
  7 bullfrog zombies
  A basilisk zombie (Lair:1)
  A human zombie (D:7)
  A scorpion zombie (D:7)
  A killer bee zombie (D:10)
  A sky beast zombie (D:7)
  An ice beast zombie (D:8)
  A hound zombie (D:6)
  2 iguana zombies
  A jelly zombie (D:7)
  19 orc zombies
  An adder zombie (D:5)
  A spectral shadow imp (D:7)
  A spectral white imp (D:11)
  3 gnoll zombies
  A bombardier beetle zombie (D:7)
  3 goblin zombies (D:8)
  4 hobgoblin zombies (D:8)
  23 kobold zombies
  2 quokka zombies (D:5)
108 creatures vanquished.

Grand Total: 586 creatures vanquished

Notes
Turn   | Place    | Note
-------+----------+-------------------------------------------
     0 | D:1      | hawla the Minotaur Fighter began the quest for the Orb.
     0 | D:1      | Reached XP level 1. HP: 19/19 MP: 0/0
    36 | D:1      | Reached skill level 1 in Dodging
   148 | D:1      | Reached XP level 2. HP: 26/26 MP: 1/1
   629 | D:1      | Found Ryh Moag's Magic Scroll Shoppe.
   729 | D:2      | Reached XP level 3. HP: 26/31 MP: 2/2
  1292 | D:2      | Found a runed translucent door.
  1293 | D:2      | Noticed Crazy Yiuf
  1301 | D:2      | Killed Crazy Yiuf
  1302 | D:2      | Reached skill level 5 in Shields
  1302 | D:2      | Reached XP level 4. HP: 39/39 MP: 3/3
  1364 | D:3      | Gained mutation: Your muscles are strong. (Str +4, Int/Dex
                  | -1) [potion of mutation]
  1364 | D:3      | Gained mutation: You are agile. (Dex +4, Str/Int -1)
                  | [potion of mutation]
  1364 | D:3      | Lost mutation: Your muscles are strong. (Str +4, Int/Dex
                  | -1) [potion of mutation]
  1373 | D:3      | Reached skill level 5 in Armour
  1373 | D:3      | Reached XP level 5. HP: 9/45 MP: 4/4
  1696 | D:3      | Noticed Ijyb
  1709 | D:3      | Killed Ijyb
  2366 | D:4      | Found a snail-covered altar of Cheibriados.
  2449 | D:4      | Identified the +5 sling "Jyrrorch" {heavy, Int+3}
  2533 | D:4      | Reached XP level 6. HP: 30/51 MP: 5/5
  3038 | D:4      | Found a staircase to the Ecumenical Temple.
  3050 | Temple   | Entered the Ecumenical Temple
  3067 | Temple   | Became a worshipper of Yredelemnul the Dark
  3258 | D:4      | Found a bloodstained altar of Trog.
  3351 | D:5      | Entered Level 5 of the Dungeon
  3376 | D:5      | Reached * piety under Yredelemnul
  3435 | D:5      | Reached ** piety under Yredelemnul
  3492 | D:5      | Reached XP level 7. HP: 46/57 MP: 6/6
  3667 | D:5      | Reached *** piety under Yredelemnul
  3777 | D:5      | Reached skill level 10 in Armour
  3895 | D:5      | Found an ornate altar of the Wu Jian Council.
  4405 | D:5      | Reached XP level 8. HP: 17/64 MP: 7/7
  4645 | D:6      | Found a runed translucent gate.
  4646 | D:6      | Found a runed translucent gate.
  4646 | D:6      | Found a runed translucent gate.
  4652 | D:6      | Noticed Tripartite's ghost (novice FoFi)
  4840 | D:6      | Found a sacrificial altar of Ru.
  4894 | D:6      | Reached **** piety under Yredelemnul
  5185 | D:6      | Noticed Sigmund
  5189 | D:6      | Killed Sigmund
  5190 | D:6      | Reached XP level 9. HP: 70/70 MP: 8/8
  5378 | D:6      | Killed Tripartite's ghost
  5379 | D:6      | Reached skill level 1 in Evocations
  5577 | D:1      | Bought a scroll of enchant armour for 105 gold pieces
  5577 | D:1      | Bought a scroll of teleportation for 42 gold pieces
  5577 | D:1      | Bought a scroll of revelation for 105 gold pieces
  5782 | D:7      | Reached skill level 1 in Invocations
  6033 | D:7      | Noticed Joseph
  6037 | D:7      | Noticed Maggie
  6048 | D:7      | Killed Maggie
  6049 | D:7      | Reached skill level 5 in Invocations
  6049 | D:7      | Reached skill level 1 in Throwing
  6164 | D:7      | Killed Joseph
  6247 | D:7      | Found a blossoming altar of Fedhas.
  6267 | D:7      | Reached XP level 10. HP: 77/77 MP: 12/12
  6410 | D:7      | Noticed a centaur warrior
  6421 | D:7      | Killed a centaur warrior
  6422 | D:7      | Reached skill level 5 in Throwing
  6659 | D:7      | Noticed a brown ugly thing
  6670 | D:7      | Killed a brown ugly thing
  6881 | D:7      | Noticed a cyclops
  6881 | D:7      | Noticed a two-headed ogre
  6890 | D:7      | Killed a cyclops
  6896 | D:7      | Killed a two-headed ogre
  7063 | D:7      | Noticed a cyan ugly thing
  7071 | D:7      | Your ally Joseph died
  7477 | D:7      | Killed a cyan ugly thing
  7478 | D:7      | Reached skill level 10 in Shields
  7695 | D:7      | Noticed a boulder beetle
  7991 | D:8      | Reached XP level 11. HP: 47/82 MP: 13/13
  7994 | D:8      | Reached skill level 5 in Axes
  8156 | D:8      | Found a glowing golden altar of the Shining One.
  8241 | D:8      | Found a runed translucent door.
  8242 | D:8      | Found a burning altar of Makhleb.
  8242 | D:8      | Noticed a sixfirhy
  8256 | D:8      | Found a transporter.
  8258 | D:8      | Found a transporter.
  8258 | D:8      | Noticed FexLirch's ghost (novice OpFE)
  8260 | D:8      | Noticed a deep elf pyromancer
  8268 | D:8      | Noticed Pikel
  8282 | D:8      | Killed Pikel
  8282 | D:8      | Reached ***** piety under Yredelemnul
  8320 | D:8      | Found a staircase to the Lair.
  8344 | D:8      | Found a glowing silver altar of Zin.
  8352 | D:8      | Found a hide-covered altar of Uskayaw.
  8601 | D:8      | Reached ****** piety under Yredelemnul
  8727 | D:8      | Lost mutation: You are agile. (Dex +4, Str/Int -1) [potion
                  | of mutation]
  8727 | D:8      | Gained mutation: Your spells are a little harder to cast,
                  | but a little more powerful. [potion of mutation]
  8727 | D:8      | Gained mutation: Potions are less effective at restoring
                  | your health. [potion of mutation]
  8727 | D:8      | Gained mutation: Your muscles are strong. (Str +4, Int/Dex
                  | -1) [potion of mutation]
  8727 | D:8      | Gained mutation: Your spells are harder to cast, but more
                  | powerful. [potion of mutation]
  8728 | D:8      | Lost mutation: Your muscles are strong. (Str +4, Int/Dex
                  | -1) [potion of mutation]
  8728 | D:8      | Lost mutation: Your spells are harder to cast, but more
                  | powerful. [potion of mutation]
  8728 | D:8      | Gained mutation: You are robust. (+10% HP) [potion of
                  | mutation]
  8728 | D:8      | Lost mutation: You are robust. (+10% HP) [potion of
                  | mutation]
  8729 | D:8      | Lost mutation: Potions are less effective at restoring your
                  | health. [potion of mutation]
  8729 | D:8      | Lost mutation: Your spells are a little harder to cast, but
                  | a little more powerful. [potion of mutation]
  8729 | D:8      | Gained mutation: You sometimes lose your temper in combat.
                  | [potion of mutation]
  8988 | D:8      | Killed a deep elf pyromancer
  8988 | D:8      | Charmed a deep elf pyromancer
  8990 | D:8      | Your ally Pikel died
  8994 | D:8      | Killed FexLirch's ghost
  9259 | D:1      | Bought a scroll of poison for 56 gold pieces
  9259 | D:1      | Bought a scroll of revelation for 105 gold pieces
  9259 | D:1      | Bought a scroll of immolation for 56 gold pieces
  9514 | D:9      | Noticed Grum
  9530 | D:9      | Killed Grum
  9701 | D:9      | Reached skill level 10 in Axes
  9720 | D:9      | Found a sparkling altar of Nemelex Xobeh.
  9930 | D:9      | Noticed Prince Ribbit
  9941 | D:9      | Killed Prince Ribbit
 10675 | D:9      | Found a stormy altar of Qazlal.
 10740 | D:10     | Entered Level 10 of the Dungeon
 10776 | D:10     | Noticed a two-headed ogre
 10784 | D:10     | Killed a two-headed ogre
 10837 | D:10     | Found Xishehuf's Assorted Antiques.
 10867 | D:10     | Found Isimnoikh's Antique Armour Shoppe.
 10873 | D:10     | Bought a scroll of identify for 74 gold pieces
 10873 | D:10     | Bought a scroll of identify for 74 gold pieces
 10876 | D:10     | Lost mutation: You sometimes lose your temper in combat.
                  | [potion of mutation]
 10876 | D:10     | Gained mutation: Your spells are a little easier to cast,
                  | but a little less powerful. [potion of mutation]
 10876 | D:10     | Gained mutation: Your system is resistant to poisons.
                  | (rPois) [potion of mutation]
 10876 | D:10     | Gained mutation: Your mind is acute. (Int +4, Str/Dex -1)
                  | [potion of mutation]
 11001 | D:10     | Found Soanykur's Assorted Antiques.
 11022 | D:10     | Found Bokiniem's Armour Boutique.
 11075 | D:10     | Reached XP level 12. HP: 90/90 MP: 14/14
 11155 | D:10     | Noticed a boulder beetle
 11314 | D:10     | Killed a boulder beetle
 11789 | D:11     | Noticed a two-headed ogre
 11804 | D:11     | Killed a two-headed ogre
 11825 | D:11     | Found a runed translucent gate.
 11832 | D:11     | Found a runed translucent gate.
 11832 | D:11     | Found a runed translucent gate.
 11891 | D:11     | Noticed jkubb29's ghost (journeyman DsNe)
 12022 | D:11     | Found Ysmunn's Book Shoppe.
 12581 | D:11     | Reached skill level 15 in Axes
 12974 | D:11     | Killed jkubb29's ghost
 13010 | D:11     | Got the ring "Gyviuff" {Fire Int+4}
 13257 | Lair:1   | Entered Level 1 of the Lair of Beasts
 13270 | Lair:1   | Noticed greatermn's ghost (journeyman DECj)
 13272 | Lair:1   | Found a one-way gate to the infinite horrors of the Abyss.
 13545 | Lair:1   | Found a transporter.
 13545 | Lair:1   | Noticed a great orb of eyes
 13590 | Lair:1   | Noticed Amaemon
 13603 | Lair:1   | Killed Amaemon
 13948 | Lair:1   | Found a transporter.
 14137 | Lair:1   | Reached XP level 13. HP: 95/95 MP: 18/18
 14635 | Lair:1   | Killed greatermn's ghost
 15006 | Lair:2   | Reached skill level 10 in Invocations
 15329 | Lair:2   | Found a staircase to the Swamp.
 15824 | Lair:2   | Found a hole to the Spider Nest.
 15998 | Lair:2   | Reached skill level 15 in Armour
 16838 | Lair:3   | Mangled by a komodo dragon

Illustrated notes

Levels and vault maps discovered:
D:1:      minmay_arrival_stair_chambers, layout_basic, serial_shops,
          nicolae_shop_behind_doors
D:2:      layout_basic, uniq_crazy_yiuf_cottage
D:3:      layout_basic, minmay_misc_feat_five, minmay_misc_feat_hallway,
          uniq_ijyb
D:4:      layout_basic, chei_slow_surprise, lightli_temple_of_fire,
          minmay_temple_entry_fiery
D:5:      layout_basic, mainiacjoe_overflow_chevrons, gup_sewer_entry_bubbles
D:6:      layout_rooms, mainiacjoe_overflow_alcove_4, ebering_ghost_rock_garden,
          uniq_sigmund
D:7:      layout_rooms, mainiacjoe_overflow_alcove_1, minmay_the_grid_2x2
          [minmay_the_grid_aliased_spiral, minmay_the_grid_eight,
          minmay_the_grid_medium_cups, minmay_the_grid_prize_four_corners],
          uniq_maggie, uniq_joseph
D:8:      corexii_shantytown, layout_basic, lemuel_doored_altar,
          nzn_makhleb_speed_demon, mainiacjoe_overflow_big_doors,
          gammafunk_ghost_arena, uniq_pikel
D:9:      layout_loops_corners, mainiacjoe_overflow_alcove_2,
          mainiacjoe_overflow_tiny_flanked, uniq_prince_ribbit1, uniq_grum
D:10:     layout_basic, serial_shops, nicolae_stop_n_shop_2,
          nicolae_shop_hallway_plus, shop, nicolae_shop_crystal, minivault_24
D:11:     layout_loops_ring, gammafunk_ghost_icy, serial_shops,
          nicolae_shop_rolling_square
Temple:   jpeg_temple_clearing
Lair:1:   layout_concentric_octagons, gammafunk_ghost_abyssal_escape,
          st_stairs_8, minmay_stone_trees_small, uniq_amaemon
Lair:2:   layout_regular_city, palyth_hydra_swamp_entry,
          nicolae_spider_entry_tight_spaces, chequers_serial_rivers_large_b,
          serial_bayou_shore_a
Lair:3:   layout_cave_shapes, serial_bayou_lagoon_a, infiniplex_staircase_pool_2

Skill      XL: |  1  2  3  4  5  6  7  8  9 10 11 12 13 |
---------------+----------------------------------------+-----
Dodging        | 1 3 |  3.0
Shields        | 5 10 | 10.0
Armour         | 5 6 8 10 13 14 16 | 16.2
Evocations     | 3 |  3.0
Invocations    | 5 8 10 | 10.0
Throwing       | 4 6 |  6.0
Axes           | 4 12 16 | 16.0
Fighting       | |  3.6

Action                     |  1- 3 |  4- 6 |  7- 9 | 10-12 | 13-15 || total
---------------------------+-------+-------+-------+-------+-------++-------
  Melee: War axe           |    95 |   151 |   268 |   613 |   189 ||  1316
         Headbutt          |    10 |    25 |    59 |   140 |    29 ||   263
  Throw: Dart              |       |       |     3 |     1 |     7 ||    11
 Invoke: Recall Undead Har |       |       |     1 |     7 |     3 ||    11
         Dark Bargain      |       |       |     1 |       |       ||     1
         Bind Soul         |       |       |       |     1 |       ||     1
         Drain Life        |       |       |       |       |     1 ||     1
  Evoke: Wand              |       |       |     8 |    12 |     2 ||    22
    Use: Scroll            |     5 |     2 |     4 |    13 |     2 ||    26
         Potion            |       |     2 |    10 |     7 |       ||    19
   Stab: Distracted        |       |     1 |     1 |     6 |     4 ||    12
         Invisible         |       |       |     1 |       |       ||     1
 Armour: Scale mail        |    63 |    16 |       |       |       ||    79
         Skin              |       |     8 |       |     6 |       ||    14
         Chain mail        |       |   103 |   217 |       |       ||   320
         Plate armour      |       |       |    16 |   534 |   143 ||   693
  Dodge: Dodged            |    50 |    42 |    96 |   169 |    30 ||   387
  Block: Buckler           |    20 |     7 |       |       |       ||    27
         Kite shield       |       |    56 |   144 |   391 |    88 ||   679
